 Dungeon Crawl Stone Soup version 0.26.1-2-gb8aa6d0cf2 (webtiles) character file.

Game seed: 4111592555027206101

9471 olmar the Reanimator (level 11, 0/90 HPs)
             Began as a Deep Dwarf Necromancer on Mar 21, 2021.
             Was a High Priest of Vehumet.
             Slain by an entropy weaver (7 damage)
             ... in a Gauntlet.
             The game lasted 00:34:51 (14962 turns).

olmar the Reanimator (Deep Dwarf Necromancer)      Turns: 14962, Time: 00:34:52

Health: 0/90       AC:  7    Str: 12    XL:     11   Next: 23%
Magic:  2/32 (23)  EV: 15    Int: 23    God:    Vehumet [*****.]
Gold:   1139       SH:  0    Dex: 13    Spells: 18/29 levels left

rFire    . . .     SeeInvis .   u - +4 quarterstaff (chaos)
rCold    . . .     Faith    .   (shield currently unavailable)
rNeg     . . .     Spirit   .   a - +1 robe
rPois    .         Reflect  .   Q - +0 helmet
rElec    .         Harm     .   s - scarf {+Inv}
rCorr    .         Rampage  .   k - +0 pair of gloves
Will     +....     Clarity  +   N - +1 pair of boots Stlth +++.......NoTele +
                                L - amulet of the acrobat
HPRegen  0.00/turn              t - ring of magical power
MPRegen  0.23/turn              z - +6 ring of intelligence

@: lethally poisoned (0 -> 0), non-regenerating, studying Conjurations
A: damage resistance, heal wounds, clarity, dopey 1, sense surroundings 2,
sturdy frame 1, no regeneration
a: Heal Wounds, Renounce Religion, Evoke Invisibility


You were in a Gauntlet.
You worshipped Vehumet.
Vehumet was extremely pleased with you.
You visited 1 branch of the dungeon, and saw 12 of its levels.
You also visited: Bailey and Gauntlet.

You collected 1229 gold pieces.
You spent 90 gold pieces at shops.

Inventory:

Hand Weapons
 e - a -1 whip
 u - a +4 quarterstaff of chaos (weapon)
 w - the +1 lajatang "Enuskeh" {elec, rElec Str+6 Int-2}
   (You acquired it in a Gauntlet)

   Occasionally, upon striking a foe, it can discharge electrical energy and
   cause terrible harm.
   It affects your strength (+6).
   It affects your intelligence (-2).
   It insulates you from electricity.
 O - the +0 hand axe of Suel {chaos, rElec rPois Will- Str+7, unknown}
   (You found it on level 9 of the Dungeon)

   Each time it hits an enemy it has a different, random effect.
   It affects your strength (+7).
   It insulates you from electricity.
   It protects you from poison.
   It affects your willpower, your defense against some magical effects.
Armour
 a - a +1 robe (worn)
 k - a +0 pair of gloves (worn)
 o - a +0 chain mail
 s - a scarf of invisibility (worn)
 v - a +0 cloak
 N - a +1 pair of boots (worn)
 Q - a +0 helmet (worn)
Jewellery
 g - an uncursed ring of magical power
 r - an uncursed ring of poison resistance {unknown}
 t - a ring of magical power (left hand)
 y - a +6 ring of intelligence
 z - a +6 ring of intelligence (right hand)
 A - the amulet of Saipaut {Spirit rElec rC- Will++ Slay+2}
   (You found it in a Gauntlet)

   [amulet of guardian spirit]

   It causes incoming damage to be split between your health and magic.
   It affects your accuracy and damage with ranged weapons and melee attacks
   (+2).
   It makes you vulnerable to cold.
   It insulates you from electricity.
   It affects your willpower, your defense against some magical effects.
 G - an uncursed ring of resist corrosion {unknown}
 L - an amulet of the acrobat (around neck)
Wands
 x - a wand of digging (9)
 E - a wand of polymorph (14)
 F - a wand of flame (6)
Scrolls
 b - 6 scrolls of remove curse
 c - 3 scrolls of fog
 d - 17 scrolls of identify
 f - 2 scrolls of amnesia
 i - 4 scrolls of enchant weapon
 q - 3 scrolls of teleportation
 B - a scroll of blinking
 D - 4 scrolls of magic mapping
 H - a scroll of noise {unknown}
 K - 2 scrolls of fear
 M - 2 scrolls of enchant armour
Potions
 h - 2 potions of lignification
 j - 4 potions of curing
 l - 2 potions of flight
 m - 3 potions of attraction
 n - 2 potions of brilliance
 p - a potion of degeneration
Books
 C - a manual of Conjurations


   Skills:
 + Level 3.1 Fighting
 + Level 5.0 Staves
 + Level 6.0 Dodging
 + Level 5.2 Stealth
 + Level 9.5 Spellcasting
 + Level 0.8 Conjurations
 + Level 0.1 Hexes
 + Level 11.7 Necromancy
 + Level 0.4 Earth Magic
 + Level 0.9 Evocations


You had 18 spell levels left.
You knew the following spells:

 Your Spells              Type           Power        Failure   Level
a - Pain                  Necr           100%         1%          1
b - Vampiric Draining     Necr           29%          1%          3
c - Animate Skeleton      Necr           100%         1%          1
d - Stone Arrow           Conj/Erth      26%          4%          3
e - Dazzling Flash        Conj/Hex       26%          4%          3

Your spell library contained the following spells:

 Spells                   Type           Power        Failure   Level
 Fireball                 Conj/Fire      6%           32%         5
 Magic Dart               Conj           56%          1%          1
 Sandblast                Erth           24%          1%          1
 Searing Ray              Conj           28%          1%          2
 Animate Dead             Necr           29%          1%          4
 Agony                    Necr           59%          1%          5
 Passwall                 Tmut/Erth      9%           9%          2
 Fulminant Prism          Conj/Hex       6%           13%         4
 Iskenderun's Mystic Bla  Conj/Tloc      12%          13%         4
 Confusing Touch          Hex            11%          17%         3
 Gell's Gravitas          Tloc           5%           19%         3
 Lee's Rapid Deconstruct  Erth           6%           32%         5
 Yara's Violent Unravell  Hex/Tmut       5%           36%         5
 Petrify                  Tmut/Erth      11%          47%         4
 Metabolic Englaciation   Hex/Ice        5%           85%         5
 Summon Mana Viper        Hex/Summ       11%          85%         5
 Summon Demon             Summ           5%           86%         5
 Summon Forest            Summ/Tloc      5%           86%         5
 Shadow Creatures         Summ           N/A          100%        6
 Summon Hydra             Summ           5%           100%        7


Dungeon Overview and Level Annotations

Branches:
Dungeon (13/15)            Temple (0/1) D:5            Lair (0/6) D:11
    Orc (0/2) D:9          Bailey (visited)         Gauntlet (1/1)
 Vaults: D:13-14

Altars:
Dithmenos
Elyvilon
Fedhas
Kikubaaqudgha
Makhleb
Nemelex Xobeh
Okawaru
Trog
Vehumet
Yredelemnul
Zin

Shops:
D:11 *

Annotations:
Gauntlet 13 transporters, 21 runed translucent doors


Innate Abilities, Weirdness & Mutations

You are resistant to damage.
You can heal yourself by infusing magical energy.
You passively map the area around you.
You do not regenerate.
You possess an exceptional clarity of mind.
You are dopey. (Int -2)
Your movements are slightly less encumbered by armour. (ER -2)


Message History

Press: ? - help, Shift-Dir - straight line, f/p - entropy weaver
Aim: an entropy weaver (heavily wounded)
The entropy weaver is severely wounded.
You feel life coursing into your body! The entropy weaver hits you.
The entropy weaver misses you. x2; The entropy weaver closely misses you.
Unknown command.
Casting: Vampiric Draining (safe; 1% risk of failure)
Confirm with . or Enter, or press ? or * to list all spells.
Aiming: Vampiric Draining (safe; 1% risk of failure)
Press: ? - help, Shift-Dir - straight line, f/p - entropy weaver
Aim: an entropy weaver (severely wounded)
The entropy weaver is severely wounded.
You feel life coursing into your body. The entropy weaver hits you!
* * * LOW HITPOINT WARNING * * *
The entropy weaver hits you!
* * * LOW HITPOINT WARNING * * *
The entropy weaver hits you!
* * * LOW HITPOINT WARNING * * *
The entropy weaver hits you!
You die...

....................≈∩≈..........
.................................
#########.###########.###########
p#YYY?..#.#s..=©[[..#.##©##Y...^#
#Y#.Y#..#.#.#...#.#.#.#.##.###^.#
Y.####.##.#.###...#.#.#.#.#^.##.#
..##....#.#...###...#.#.#.#.#.#.#
#.©######.#.#..©###.#.#.#.#©#.#.#
#..#....#.#.###†@.#.#.#.#.#.#.#.#
.##.P#.##.#...###B..#.#.##.##.#[#
##.#..#.#.#.#...###.#.#.^##^.##.#
..##.#..#.#.........#.#^Y...##:?#
#################################
...©...........©#≈≈≈§8≈§≈§#©.....
###.#############################
..#.#§≈8§§#©.........©.........©#
..#.#############################


You could see an entropy weaver.

Vanquished Creatures
  A sixfirhy (Gauntlet)
  3 orc knights (Bailey)
  A wolf spider (Gauntlet)
  A worldbinder (Gauntlet)
  A moth of wrath (D:9)
  A hornet (D:7)
  A redback (Gauntlet)
  A wyvern (D:9)
  A shadow (D:11)
  A water moccasin (D:7)
  15 orc warriors
  2 sky beasts
  2 ice beasts
  2 black bears
  A necrophage (D:9)
  2 ogres
  A boggart (Gauntlet)
  A phantom (D:7)
  A centaur (D:9)
  2 big kobolds
  10 bullfrogs
  A wyvern skeleton (D:9)
  3 scorpions
  8 killer bees
  A howler monkey (D:9)
  7 wights
  A bullfrog zombie (D:5)
  A quasit (D:10)
  4 centaur zombies
  10 orc priests
  Crazy Yiuf (D:2)
  3 hounds
  A jelly (D:7)
  A bullfrog skeleton (D:7)
  Jessica (D:3)
  3 iguanas
  7 orc wizards
  7 worker ants
  A hound zombie (D:11)
  2 hound skeletons
  2 worker ant zombies (D:10)
  8 gnolls
  9 adders
  8 river rats (D:5)
  A shadow imp (D:6)
  A white imp (D:4)
  4 ufetubi
  2 adder zombies
  2 adder skeletons
  7 worms
  8 leopard geckos
  42 orcs
  A ball python (D:5)
  6 bats
  13 giant cockroaches
  7 hobgoblins
  4 jackals
  23 kobolds
  9 quokkas
  A ball python zombie (D:3)
  4 frilled lizards
  12 goblins
  3 leopard gecko zombies
  A quokka skeleton (D:7)
  A quokka zombie (D:7)
  20 rats
313 creatures vanquished.

Vanquished Creatures (others)
  14 demonic plants (Gauntlet)
  3 withered plants (Gauntlet)
17 creatures vanquished.

Grand Total: 330 creatures vanquished

Notes
Turn   | Place    | Note
-------+----------+-------------------------------------------
     0 | D:1      | olmar the Deep Dwarf Necromancer began the quest for the
                  | Orb.
     0 | D:1      | Reached XP level 1. HP: 15/15 MP: 3/3
   345 | D:1      | Reached XP level 2. HP: 22/22 MP: 3/5
   667 | D:1      | Reached skill level 5 in Necromancy
  1190 | D:2      | Reached XP level 3. HP: 28/28 MP: 1/6
  1287 | D:2      | Learned a level 3 spell: Vampiric Draining
  1317 | D:2      | Found a radiant altar of Vehumet.
  1461 | D:2      | Became a worshipper of Vehumet
  1958 | D:2      | Learned a level 1 spell: Animate Skeleton
  2296 | D:2      | Found a runed translucent door.
  2297 | D:2      | Noticed Crazy Yiuf
  2305 | D:2      | Killed Crazy Yiuf
  2306 | D:2      | Reached XP level 4. HP: 36/36 MP: 8/8
  2634 | D:3      | Found an iron altar of Okawaru.
  2634 | D:3      | You fall into a shaft and drop 3 floors!
  2745 | D:5      | Entered Level 5 of the Dungeon
  2776 | D:4      | Reached XP level 5. HP: 33/42 MP: 8/10
  2782 | D:4      | Reached skill level 6 in Necromancy
  2988 | D:3      | Reached * piety under Vehumet
  2988 | D:3      | Offered knowledge of Shock by Vehumet.
  3104 | D:3      | Reached XP level 6. HP: 49/49 MP: 9/12
  3208 | D:3      | Noticed Jessica
  3211 | D:3      | Killed Jessica
  4023 | D:4      | Reached skill level 1 in Staves
  4136 | D:4      | Found a glowing silver altar of Zin.
  4136 | D:4      | Found Zin's Purification Station.
  4144 | D:4      | Bought a potion of curing for 90 gold pieces
  4205 | D:4      | Found a basalt altar of Yredelemnul.
  4491 | D:5      | Found an ancient bone altar of Kikubaaqudgha.
  4651 | D:5      | Found a blossoming altar of Fedhas.
  4808 | D:5      | Found a shadowy altar of Dithmenos.
  4846 | D:5      | Reached XP level 7. HP: 53/56 MP: 13/13
  4846 | D:5      | Offered knowledge of Sandblast by Vehumet.
  4847 | D:5      | Reached skill level 1 in Fighting
  4852 | D:5      | Reached ** piety under Vehumet
  5111 | D:5      | Found a staircase to the Ecumenical Temple.
  5387 | D:5      | Offered knowledge of Stone Arrow by Vehumet.
  5447 | D:5      | Reached skill level 7 in Necromancy
  5621 | D:6      | Reached *** piety under Vehumet
  5717 | D:6      | Reached XP level 8. HP: 64/64 MP: 15/15
  5731 | D:6      | Reached skill level 5 in Spellcasting
  5933 | D:6      | Offered knowledge of Static Discharge by Vehumet.
  6582 | D:7      | Reached skill level 8 in Necromancy
  6793 | D:7      | Found a white marble altar of Elyvilon.
  7027 | D:7      | Gained mutation: You passively map the area around you.
                  | [Deep Dwarf growth]
  7027 | D:7      | Reached XP level 9. HP: 47/73 MP: 18/18
  7844 | D:7      | Reached **** piety under Vehumet
  7850 | D:7      | Found an ancient bone altar of Kikubaaqudgha.
  8022 | D:7      | Reached skill level 9 in Necromancy
  8099 | D:7      | Paralysed by a hornet for 2 turns
  8688 | D:8      | Found a sparkling altar of Nemelex Xobeh.
  9032 | D:9      | Found a staircase to the Orcish Mines.
  9359 | D:9      | Offered knowledge of Hailstorm by Vehumet.
  9463 | D:9      | Reached skill level 5 in Stealth
  9468 | D:9      | Reached skill level 5 in Dodging
  9484 | D:9      | Learned a level 3 spell: Stone Arrow
 10483 | D:9      | Reached skill level 10 in Necromancy
 10527 | D:9      | Found a burning altar of Makhleb.
 10595 | D:9      | Reached XP level 10. HP: 42/81 MP: 20/21
 10957 | D:9      | Noticed a moth of wrath
 10960 | D:9      | Found a bloodstained altar of Trog.
 10996 | D:9      | Killed a moth of wrath
 11051 | D:9      | Got an ancient hand axe
 11297 | D:10     | Entered Level 10 of the Dungeon
 11843 | D:11     | Found Irrag's Island Escapes.
 11875 | D:11     | Found a flagged portal.
 11890 | Bailey   | Entered a bailey
 11905 | Bailey   | Noticed an orc knight
 12039 | Bailey   | Noticed an orc knight
 12042 | Bailey   | Reached ***** piety under Vehumet
 12042 | Bailey   | Offered knowledge of Fireball by Vehumet.
 12194 | Bailey   | Killed an orc knight
 12303 | Bailey   | Noticed an orc knight
 12312 | Bailey   | Killed an orc knight
 12313 | Bailey   | Reached skill level 11 in Necromancy
 12857 | Bailey   | Killed an orc knight
 12873 | Bailey   | Identified 2 scrolls of acquirement
 12873 | Bailey   | Acquired a scarf of invisibility
 13924 | D:11     | Found a staircase to the Lair.
 14061 | D:11     | Reached XP level 11. HP: 59/85 MP: 1/23
 14405 | D:11     | You fall into a shaft and drop 2 floors!
 14444 | D:13     | Noticed a deep elf mage
 14444 | D:13     | Noticed a two-headed ogre
 14457 | D:13     | Found a gate leading to a gauntlet.
 14463 | Gauntlet | Entered a Gauntlet
 14463 | Gauntlet | Found a transporter.
 14464 | Gauntlet | Acquired the +1 lajatang "Enuskeh" {elec, rElec Str+6
                  | Int-2}
 14480 | Gauntlet | Noticed a sixfirhy
 14483 | Gauntlet | Gained mutation: You possess an exceptional clarity of
                  | mind. [potion of mutation]
 14483 | Gauntlet | Gained mutation: You are dopey. (Int -2) [potion of
                  | mutation]
 14483 | Gauntlet | Gained mutation: Your movements are slightly less
                  | encumbered by armour. (ER -2) [potion of mutation]
 14489 | Gauntlet | Found a transporter.
 14504 | Gauntlet | Found a transporter.
 14506 | Gauntlet | Found a transporter.
 14522 | Gauntlet | Learned a level 3 spell: Dazzling Flash
 14535 | Gauntlet | Found a transporter.
 14546 | Gauntlet | Found a transporter.
 14551 | Gauntlet | Found a transporter.
 14618 | Gauntlet | Found a transporter.
 14620 | Gauntlet | Found a large runed translucent door.
 14620 | Gauntlet | Found a large runed translucent door.
 14621 | Gauntlet | Found a large runed translucent door.
 14621 | Gauntlet | Found a large runed translucent door.
 14622 | Gauntlet | Found a large runed translucent door.
 14622 | Gauntlet | Found a large runed translucent door.
 14622 | Gauntlet | Found a runed translucent door.
 14622 | Gauntlet | Found a runed translucent door.
 14622 | Gauntlet | Found a large runed translucent door.
 14623 | Gauntlet | Found a transporter.
 14635 | Gauntlet | Noticed a hell hog
 14644 | Gauntlet | Found a transporter.
 14655 | Gauntlet | Found a large runed translucent door.
 14656 | Gauntlet | Found a large runed translucent door.
 14657 | Gauntlet | Found a large runed translucent door.
 14658 | Gauntlet | Found a runed translucent gate.
 14659 | Gauntlet | Found a transporter.
 14659 | Gauntlet | Found a runed translucent gate.
 14659 | Gauntlet | Noticed a death scarab
 14660 | Gauntlet | Found a runed translucent gate.
 14661 | Gauntlet | Found a large runed translucent door.
 14661 | Gauntlet | Noticed a death scarab
 14662 | Gauntlet | Found a large runed translucent door.
 14663 | Gauntlet | Found a large runed translucent door.
 14667 | Gauntlet | Found a large runed translucent door.
 14667 | Gauntlet | Found a large runed translucent door.
 14673 | Gauntlet | Found a large runed translucent door.
 14684 | Gauntlet | Found a transporter.
 14687 | Gauntlet | Noticed a dire elephant
 14693 | Gauntlet | Found a transporter.
 14707 | Gauntlet | Noticed a death yak
 14708 | Gauntlet | Noticed a death yak
 14708 | Gauntlet | Noticed a death yak
 14709 | Gauntlet | Found a transporter.
 14709 | Gauntlet | Noticed a death yak
 14709 | Gauntlet | Noticed a death yak
 14710 | Gauntlet | Noticed a death yak
 14711 | Gauntlet | Noticed a necromancer
 14712 | Gauntlet | Noticed a wolf spider
 14719 | Gauntlet | Noticed a catoblepas
 14721 | Gauntlet | Found a transporter.
 14789 | Gauntlet | Found a transporter.
 14802 | Gauntlet | Found a transporter.
 14822 | Gauntlet | Killed a sixfirhy
 14828 | Gauntlet | Found a transporter.
 14830 | Gauntlet | Noticed an entropy weaver
 14886 | Gauntlet | Noticed an orb spider
 14888 | Gauntlet | Reached skill level 5 in Staves
 14904 | Gauntlet | Got a crude zirconium amulet
 14905 | Gauntlet | Identified the amulet of Saipaut {Spirit rElec rC- Will++
                  | Slay+2} (You found it in a Gauntlet)
 14953 | Gauntlet | Killed a wolf spider
 14954 | Gauntlet | HP: 4/90 [entropy weaver (9)]
 14962 | Gauntlet | Slain by an entropy weaver

Illustrated notes

Levels and vault maps discovered:
D:1:      minmay_arrival_diagonal_passages, layout_loops_cross
D:2:      layout_loops_corners, lemuel_doored_altar, supply_closet_lemuel,
          minmay_worlds_worst_comb, uniq_crazy_yiuf_cottage
D:3:      layout_basic, okawaru_ov_weapons_minmay, serial_undead,
          serial_undead_f, serial_undead_f, serial_undead_c, serial_undead_b,
          serial_undead_a, serial_undead_d, serial_undead_e,
          cheibrodos_sewer_entry_bend, uniq_jessica
D:4:      layout_basic, general_overflow_altar, zin_purify, minmay_manual_moon
D:5:      lemuel_ratsnest, layout_basic, lemuel_zombie_altar_kikubaaqudgha,
          kennysheep_mini, grunt_dithmenos_smoke, minmay_temple_entry_hall
D:6:      layout_cave_pools
D:7:      layout_rooms, elyvilon_altar_5, nicolae_overflow_hidden_temple,
          basic_altar
D:8:      layout_rooms, kennysheep_mini_moat
D:9:      layout_long_grid, makhleb_blood_cavern_becter, tgw_trog,
          david_orc_1_choice, kennysheep_potato
D:10:     layout_rooms
D:11:     layout_roguey, special_room [special_room_orc], enter_bailey_3,
          nicolae_island_escapes
D:13:     layout_basic, hangedman_vaults_entry_quadrant_bands,
          gauntlet_entry_generic, minivault_22, lemuel_tele_altar
Gauntlet: gammafunk_gauntlet_one_two_three [gammafunk_gauntlet_arena_split_x,
          gammafunk_gauntlet_arena_grid, gammafunk_gauntlet_arena_arrow_garden,
          gammafunk_gauntlet_arena_chambers,
          minmay_gauntlet_arena_make_your_own_arena,
          gammafunk_gauntlet_arena_spirals, nicolae_gauntlet_arena_grate_2,
          gammafunk_gauntlet_arena_mazey,
          gammafunk_gauntlet_arena_split_diamond, gauntlet_exit_watery]

Skill      XL: |  1  2  3  4  5  6  7  8  9 10 11 |
---------------+----------------------------------+-----
Spellcasting   | 2 3 4 6 7 9 |  9.5
Necromancy     | 5 6 7 8 10 11 | 11.7
Staves         | 2 3 4 5 |  5.0
Stealth        | 3 4 5 |  5.2
Dodging        | 3 4 5 6 |  6.0
Fighting       | 1 2 3 |  3.1
Conjurations   | |  0.8
Hexes          | |  0.1
Earth Magic    | |  0.4
Evocations     | |  0.9

Action                   |  1- 3 |  4- 6 |  7- 9 | 10-12 || total
-------------------------+-------+-------+-------+-------++-------
Melee: Whip              |       |    35 |       |       ||    35
       Quarterstaff      |       |    83 |   173 |   126 ||   382
 Cast: Pain              |    89 |    36 |     3 |    90 ||   218
       Vampiric Draining |       |    22 |   131 |   128 ||   281
       Animate Skeleton  |       |       |     1 |       ||     1
       Stone Arrow       |       |       |       |     7 ||     7
       Dazzling Flash    |       |       |       |     4 ||     4
 Abil: Heal Wounds       |       |       |       |    12 ||    12
       Evoke Invisibilit |       |       |       |     1 ||     1
Evoke: Wand              |       |       |       |    11 ||    11
  Use: Scroll            |       |    10 |       |     8 ||    18
       Potion            |       |     1 |     1 |    19 ||    21
 Stab: Sleeping          |       |     3 |     2 |     2 ||     7
       Paralysed         |       |       |     3 |       ||     3
       Distracted        |       |       |     1 |       ||     1
       Petrified         |       |       |     1 |       ||     1
Armor: Skin              |       |    25 |       |    11 ||    36
       Robe              |       |    37 |    50 |    96 ||   183
Dodge: Dodged            |     2 |    84 |   181 |   269 ||   536
